 Dungeon Crawl Stone Soup version 0.26-a0-800-g517d6fe721 (webtiles) character file.

Game seed: 2130973273050362423

2354 reriks the Fighter (level 9, -1/97 HPs)
             Began as an Ogre Monk on Nov 11, 2020.
             Killed from afar by an electric eel (15 damage)
             ... with a bolt of electricity
             ... on level 7 of the Dungeon.
             The game lasted 00:17:38 (10473 turns).

reriks the Fighter (Ogre Monk)                     Turns: 10473, Time: 00:17:38

Health: -1/97      AC:  4    Str: 20    XL:     9   Next: 44%
Magic:  9/9        EV: 12    Int: 11    God:
Gold:   472        SH:  0    Dex: 11    Spells: 8/8 levels left

rFire    . . .     SeeInvis .   a - +0 mace
rCold    . . .     Faith    .   (no shield)
rNeg     . . .     Spirit   .   b - +1 robe
rPois    .         Reflect  .   (helmet restricted)
rElec    .         Harm     .   (no cloak)
rCorr    .         Rampage  .   (gloves unavailable)
MR       .....                  (boots unavailable)
Stlth    +++.......             (no amulet)
HPRegen  0.26/turn              (no ring)
MPRegen  0.11/turn              (no ring)

@: no status effects
A: large, unfitting armour, tough skin 1
a: no special abilities


You were on level 7 of the Dungeon.
You visited 2 branches of the dungeon, and saw 8 of its levels.

You collected 472 gold pieces.

Inventory:

Hand Weapons
 a - a +0 mace (weapon)
 f - a +1 dagger of venom
 n - a +1 flail of protection
 v - a +0 giant club
 y - a +0 whip of venom
Missiles
 e - 14 large rocks (quivered)
 x - 5 boomerangs
Armour
 b - a +1 robe (worn)
Wands
 l - a wand of iceblast (3)
 p - a wand of paralysis (26)
 r - a wand of disintegration (5)
 s - a wand of flame (3)
Scrolls
 d - 4 scrolls of remove curse
 g - 2 scrolls of identify
 k - a scroll of noise
 o - a scroll of blinking
 t - a scroll of amnesia
 u - a scroll of fog
Potions
 c - a potion of cancellation {unknown}
 h - 4 potions of curing
 i - 2 potions of magic
 j - 2 potions of ambrosia
 m - a potion of invisibility
 q - a potion of flight
 w - 2 potions of lignification {unknown}


   Skills:
 + Level 8.4 Fighting
 + Level 5.8 Maces & Flails
 + Level 4.6 Throwing
 + Level 5.8 Dodging
 + Level 4.8 Stealth


You had 8 spell levels left.
You didn't know any spells.
Your spell library was empty.

Dungeon Overview and Level Annotations

Branches:
Dungeon (7/15)             Temple (1/1) D:7

Altars:
Ashenzari
Dithmenos
Elyvilon
Fedhas
Gozag
Hepliaklqana
Kikubaaqudgha
Makhleb
Nemelex Xobeh
Okawaru
Qazlal
Ru
Sif Muna
Trog
Uskayaw
Vehumet
Wu Jian
Xom
Yredelemnul
Zin
The Shining One

Annotations:
D:4 exclusion: door, Sigmund
D:5 3 runed translucent doors, DarkMailMan's ghost, novice FoFi; Sobieck's ghost, amateur DENe
D:7 exclusion: door


Innate Abilities, Weirdness & Mutations

You are too large for most types of armour.
You have tough skin. (AC +1)


Message History

The electric eel shoots out a bolt of lightning at you!
The bolt of electricity hits you! x2
The bolt of electricity hits the electric eel.
The electric eel completely resists.
You closely miss the electric eel. You hit the electric eel.
The electric eel is lightly wounded.
The electric eel shoots out a bolt of lightning at you!
The bolt of electricity hits you!
* * * LOW HITPOINT WARNING * * *
The bolt of electricity hits you!
* * * LOW HITPOINT WARNING * * *
The bolt of electricity hits the electric eel.
The electric eel completely resists.
Press: ? - help, Dir - move target cursor
As you read the scroll of blinking, it crumbles to dust.
Really walk into a travel-excluded area?
The electric eel shoots out a bolt of lightning at you!
The bolt of electricity hits you!
You die...

#.......................
#..........#############
#..........#
#..........#
##########..#
#≈≈≈;≈≈≈≈#..#
#≈≈≈..≈≈≈#..#
#≈≈##.#≈≈#.##
#≈.#.#..@'.#
#≈§.#.#..'.#
#≈≈#.##≈≈### #≈≈≈..≈≈≈#
#≈≈≈≈≈≈≈≈# ##########


You could see an electric eel.

Vanquished Creatures
  Grinder (D:5)
  A steam dragon (D:7)
  A water moccasin (D:5)
  An ice beast (D:7)
  4 ogres
  3 sky beasts
  A black bear (D:7)
  A phantom (D:4)
  3 centaurs
  A bullfrog (D:6)
  A jelly (D:7)
  A quasit (D:5)
  2 orc priests (D:4)
  A centaur skeleton (D:7)
  A gnoll shaman (D:7)
  2 hounds
  3 orc wizards (D:5)
  A bullfrog skeleton (D:5)
  An iguana (D:4)
  2 worker ants
  A hound zombie (D:7)
  A worker ant zombie (D:7)
  8 gnolls
  6 adders
  A shadow imp (D:6)
  A white imp (D:3)
  An ufetubus (D:7)
  2 oozes
  3 worms
  5 dart slugs
  5 leopard geckos
  16 orcs
  5 giant cockroaches
  15 goblins
  7 hobgoblins
  3 jackals (D:1)
  10 kobolds
  2 quokkas
  3 ball pythons
  12 bats
  8 frilled lizards
  A giant cockroach zombie (D:6)
  A leopard gecko skeleton (D:4)
  12 rats
161 creatures vanquished.

Vanquished Creatures (others)
  6 withered plants (D:5)
6 creatures vanquished.

Grand Total: 167 creatures vanquished

Notes
Turn   | Place    | Note
-------+----------+-------------------------------------------
     0 | D:1      | reriks the Ogre Monk began the quest for the Orb.
     0 | D:1      | Reached XP level 1. HP: 24/24 MP: 1/1
    98 | D:1      | Reached XP level 2. HP: 4/32 MP: 2/2
   953 | D:1      | Reached XP level 3. HP: 36/40 MP: 3/3
  1835 | D:2      | Reached XP level 4. HP: 49/49 MP: 4/4
  2680 | D:3      | Reached skill level 5 in Fighting
  2925 | D:3      | Noticed an ogre
  2931 | D:3      | Reached XP level 5. HP: 52/57 MP: 5/5
  3010 | D:2      | Killed an ogre
  3237 | D:3      | Found a blossoming altar of Fedhas.
  3290 | D:3      | Reached XP level 6. HP: 11/66 MP: 6/6
  3695 | D:3      | Found a stormy altar of Qazlal.
  4132 | D:4      | Found an ornate altar of the Wu Jian Council.
  4471 | D:4      | Reached skill level 1 in Throwing
  4624 | D:4      | Noticed a phantom
  4626 | D:4      | Killed a phantom
  4626 | D:4      | Reached skill level 6 in Fighting
  4626 | D:4      | Reached XP level 7. HP: 75/75 MP: 7/7
  4840 | D:4      | Noticed Sigmund
  5107 | D:5      | Entered Level 5 of the Dungeon
  5198 | D:5      | Found a runed translucent gate.
  5199 | D:5      | Found a runed translucent gate.
  5200 | D:5      | Found a runed translucent gate.
  5202 | D:5      | Noticed Sobieck's ghost (amateur DENe)
  5202 | D:5      | Noticed DarkMailMan's ghost (novice FoFi)
  5939 | D:5      | Reached XP level 8. HP: 46/84 MP: 8/8
  6261 | D:5      | Noticed Grinder
  6276 | D:5      | Killed Grinder
  6276 | D:5      | Reached skill level 7 in Fighting
  6936 | D:6      | Reached skill level 5 in Maces & Flails
  6936 | D:6      | Reached skill level 5 in Dodging
  7293 | D:6      | Found a sparkling altar of Nemelex Xobeh.
  7956 | D:6      | Found a sacrificial altar of Ru.
  8366 | D:7      | Reached XP level 9. HP: 96/96 MP: 9/9
  8579 | D:7      | Reached skill level 8 in Fighting
  9978 | D:7      | Found a staircase to the Ecumenical Temple.
 10158 | Temple   | Entered the Ecumenical Temple
 10473 | D:7      | Killed from afar by an electric eel

Illustrated notes

Levels and vault maps discovered:
D:1:      lemuel_arrival_broad_hall, layout_loops_corners
D:2:      layout_rooms, hangedman_glass_teeth, kennysheep_nondescript,
          minmay_ruptured
D:3:      layout_basic, fedhas_altar_2, nicolae_qazlal_eye_of_the_storm,
          minmay_ogre_servants
D:4:      layout_basic, lemuel_doored_altar, sigmund_army
D:5:      layout_basic, gammafunk_ghost_cemetery, uniq_grinder
D:6:      layout_basic, overflow_temple_1_default, lemuel_round_altar
D:7:      layout_basic, temple_hall, minivault_26, kennysheep_generic_room_4
Temple:   eino_temple_rhombus

Skill      XL: |  1  2  3  4  5  6  7  8  9 |
---------------+----------------------------+-----
Dodging        | 3 4 5 |  5.8
Maces & Flails | 3 4 5 |  5.8
Stealth        | 2 3 4 |  4.8
Fighting       | 5 6 7 8 |  8.4
Throwing       | 1 2 4 |  4.6

Action                   |  1- 3 |  4- 6 |  7- 9 || total
-------------------------+-------+-------+-------++-------
Melee: Mace              |    25 |       |     5 ||    30
       Dagger            |    88 |   164 |    57 ||   309
       Whip              |       |       |   167 ||   167
       Flail             |       |       |    22 ||    22
Throw: Large rock        |       |     2 |    23 ||    25
Evoke: Wand              |       |     7 |     9 ||    16
  Use: Scroll            |     5 |     1 |    10 ||    16
 Stab: Sleeping          |     4 |     2 |     9 ||    15
Armor: Robe              |    35 |    26 |    55 ||   116
Dodge: Dodged            |    77 |    85 |   131 ||   293

Table legend: (Time is in decaauts)
 A = Elapsed time spent in this place.
 B = Non-inter-level travel time spent in this place.
 C = Inter-level travel time spent in this place.
 D = Time resting spent in this place.
 E = Time spent auto-exploring this place.
 F = Levels seen in this place.
 G = Mean time per level.
                   A        B        C        D        E       F      G
               +--------+--------+--------+--------+--------+-----+--------+
         Total |  10478 |  10082 |    396 |   3655 |   4691 |   8 | 1309.8 |
       Dungeon |  10272 |   9912 |    360 |   3655 |   4561 |   7 | 1467.4 |
        Temple |    205 |    169 |     36 |      0 |    130 |   1 |  205.0 |
               +--------+--------+--------+--------+--------+-----+--------+

Top non-repeatable levels by time:
     D:6: 2026 daAuts
     D:7: 1661 daAuts
     D:1: 1539 daAuts
     D:5: 1467 daAuts
     D:3: 1421 daAuts
     D:4: 1207 daAuts
     D:2: 949 daAuts
  Temple: 205 daAuts
